 Dungeon Crawl Stone Soup version 0.26-b1-32-g5d43845318 (webtiles) character file.

Game seed: 13837053952734096840

482756 tilp the Cloud Mage (level 24, -1/197 HPs)
             Began as a Barachi Air Elementalist on Jan 9, 2021.
             Was the Champion of Cheibriados.
             Slain by a vault warden
             ... wielding a +2 great sword
              (24 damage)
             ... on level 5 of the Vaults on Jan 10, 2021.
             The game lasted 03:33:51 (107476 turns).

tilp the Cloud Mage (Barachi Air Elementalist)    Turns: 107476, Time: 03:33:51

Health: -1/197     AC: 22    Str: 28    XL:     24   Next: 89%
Magic:  4/36       EV: 29    Int: 51    God:    Cheibriados [******]
Gold:   238        SH: 10    Dex: 39    Spells: 2/51 levels left

rFire    + . .     SeeInvis .   a - staff of air
rCold    . . .     Faith    .   p - +2 buckler {rF+}
rNeg     . . .     Spirit   .   T - +1 robe "Ratus" {+Blink Str+6 Int+4} (curse)
rPois    .         Reflect  .   s - +1 helmet {Int+3}
rElec    +         Harm     .   U - +2 cloak {rCorr}
rCorr    +         Rampage  .   c - +1 pair of gloves {Dex+3}
Will     +++..                  R - +2 pair of boots
Stlth    +++++.....             V - amulet of Hegapuca {*Contam Regen+ Str-4 Dex+8 Slay+4}
HPRegen  0.82/turn              t - ring of the Mage {Wiz Will++ Int+3}
MPRegen  0.25/turn              O - ring of the Tortoise {AC+8}

@: very slightly contaminated, studying Air Magic, invisible (expiring), very
slow
A: +LOS, swims, deterioration 1, low mp 1, slowness 1, strong legs 2
}: 2/15 runes: serpentine, barnacled
a: Hop, Renounce Religion, Evoke Blink, Bend Time, Temporal Distortion, Slouch,
Step From Time


You were on level 5 of the Vaults.
You worshipped Cheibriados.
Cheibriados was exalted by your worship.
You visited 7 branches of the dungeon, and saw 41 of its levels.
You also visited: Sewer and Ossuary.

You collected 4883 gold pieces.
You spent 4645 gold pieces at shops.

Inventory:

Missiles
 f - 84 boomerangs
 K - 7 throwing nets {!f}
Armour
 c - a +1 pair of gloves of dexterity (worn)
 p - a +2 buckler of fire resistance (worn)
 s - a +1 helmet of intelligence (worn)
 R - a +2 pair of boots (worn)
 T - the cursed +1 robe "Ratus" (worn) {+Blink Str+6 Int+4}
   (You bought it in a shop on level 1 of the Shoals)

   It affects your strength (+6).
   It affects your intelligence (+4).
   It lets you blink.
   It has a curse placed upon it.
 U - a +2 cloak of preservation (worn)
Magical Staves
 a - an uncursed staff of air (weapon)
Jewellery
 b - an uncursed ring of see invisible
 n - the amulet of Kuqupi {Faith Will+ Str+5 Dex+4}
   (You acquired it on level 1 of the Lair of Beasts)

   [amulet of faith]

   It allows you to gain divine favour quickly.
   It affects your strength (+5).
   It affects your dexterity (+4).
   It affects your willpower, your defense against some magical effects.
 o - an uncursed ring of poison resistance
 t - the ring of the Mage (left hand) {Wiz Will++ Int+3}
   (You bought it in a shop on level 1 of the Shoals)

   [ring of wizardry]

   It improves your spell success rate.
   It affects your intelligence (+3).
   It affects your willpower, your defense against some magical effects.
 w - an uncursed ring of protection from fire
 C - an uncursed ring of ice
 O - the ring of the Tortoise (right hand) {AC+8}
   (You bought it in a shop on level 5 of the Dungeon)

   [ring of protection]

   It affects your AC (+8).
 V - the amulet of Hegapuca (around neck) {*Contam Regen+ Str-4 Dex+8 Slay+4}
   (You found it on level 6 of the Lair of Beasts)

   [amulet of regeneration]

   It affects your strength (-4).
   It affects your dexterity (+8).
   It affects your accuracy and damage with ranged weapons and melee attacks
   (+4).
   It causes magical contamination when unequipped.
   It increases your rate of regeneration.
Wands
 A - a wand of polymorph (46)
 L - a wand of paralysis (8)
 N - a wand of iceblast (25)
 P - a wand of acid (34)
 Q - a wand of enslavement (20)
 Y - a wand of digging (10)
Scrolls
 g - 15 scrolls of identify
 i - 6 scrolls of blinking
 q - 12 scrolls of enchant weapon
 x - 8 scrolls of fog
 y - 22 scrolls of remove curse
 E - 20 scrolls of teleportation
 I - 3 scrolls of amnesia
 J - 12 scrolls of immolation
 M - a scroll of summoning
 S - 2 scrolls of holy word
 W - 4 scrolls of magic mapping
 X - 3 scrolls of fear
Potions
 e - 16 potions of curing
 j - a potion of cancellation
 k - 4 potions of brilliance
 l - 6 potions of lignification
 m - 6 potions of mutation
 v - 7 potions of flight
 z - 8 potions of attraction
 B - 2 potions of invisibility
 F - 2 potions of resistance
 G - 4 potions of magic
 H - 5 potions of might
Books
 Z - a manual of Air Magic
Miscellaneous
 d - a box of beasts (inert)
 h - a condenser vane
 u - a tin of tremorstones (2/2)
 D - a phantom mirror


   Skills:
 + Level 18.0 Fighting
 - Level 12.0 Staves
 - Level 4.0 Armour
 - Level 12.0 Dodging
 - Level 8.0 Stealth
 - Level 4.0 Shields
 - Level 14.0 Spellcasting
 - Level 15.0 Conjurations
 - Level 10.0 Ice Magic
 - Level 24.0 Air Magic
 - Level 18.0 Invocations
 - Level 10.0 Evocations


You had 2 spell levels left.
You knew the following spells:

 Your Spells              Type           Power        Failure   Level
a - Tornado               Air            80%          1%          9
b - Conjure Ball Lightni  Conj/Air       75%          1%          6
c - Airstrike             Air            80%          0%          4
d - Lightning Bolt        Conj/Air       75%          0%          5
f - Freezing Cloud        Conj/Ice/Air   70%          1%          6
h - Hailstorm             Conj/Ice       100%         1%          4
i - Frozen Ramparts       Ice            100%         1%          3
j - Ozocubu's Armour      Ice            95%          1%          3
k - Summon Lightning Spi  Summ/Air       100%         1%          4
l - Silence               Hex/Air        63%          1%          5

Your spell library contained the following spells:

 Spells                   Type           Power        Failure   Level
 Freeze                   Ice            100%         0%          1
 Magic Dart               Conj           100%         0%          1
 Shock                    Conj/Air       100%         0%          1
 Corpse Rot               Necr/Air       N/A          0%          2
 Poisonous Vapours        Pois/Air       100%         0%          2
 Swiftness                Air            100%         0%          2
 Animate Skeleton         Necr           70%          1%          1
 Pain                     Necr           100%         1%          1
 Sandblast                Erth           70%          1%          1
 Blink                    Tloc           N/A          1%          2
 Call Imp                 Summ           35%          1%          2
 Ensorcelled Hibernation  Hex/Ice        100%         1%          2
 Passwall                 Tmut/Erth      29%          1%          2
 Slow                     Hex            35%          1%          2
 Sublimation of Blood     Necr           17%          1%          2
 Mephitic Cloud           Conj/Pois/Air  100%         0%          3
 Static Discharge         Conj/Air       100%         0%          3
 Confusing Touch          Hex            35%          1%          3
 Conjure Flame            Conj/Fire      84%          1%          3
 Gell's Gravitas          Tloc           17%          1%          3
 Ignite Poison            Fire/Tmut/Pois 35%          1%          3
 Portal Projectile        Hex/Tloc       70%          1%          3
 Stone Arrow              Conj/Erth      100%         1%          3
 Vampiric Draining        Necr           17%          1%          3
 Summon Ice Beast         Ice/Summ       72%          1%          4
 Bolt of Magma            Conj/Fire/Erth 36%          1%          5
 Metabolic Englaciation   Hex/Ice        36%          1%          5
 Animate Dead             Necr           17%          2%          4
 Cause Fear               Hex            17%          2%          4
 Dispel Undead            Necr           35%          2%          4
 Leda's Liquefaction      Hex/Erth       17%          2%          4
 Petrify                  Tmut/Erth      35%          2%          4
 Simulacrum               Ice/Necr       36%          4%          6
 Agony                    Necr           35%          6%          5
 Borgnjor's Vile Clutch   Necr/Erth      17%          6%          5
 Excruciating Wounds      Necr           17%          6%          5
 Lee's Rapid Deconstruct  Erth           17%          6%          5
 Summon Demon             Summ           17%          6%          5
 Summon Forest            Summ/Tloc      17%          6%          5
 Summon Mana Viper        Hex/Summ       35%          6%          5
 Yara's Violent Unravell  Hex/Tmut       17%          6%          5
 Death Channel            Necr           17%          32%         6
 Dispersal                Tloc           17%          32%         6
 Shadow Creatures         Summ           N/A          32%         6
 Summon Hydra             Summ           17%          86%         7
 Discord                  Hex            17%          100%        8
 Disjunction              Tloc           17%          100%        8
 Shatter                  Erth           17%          100%        9


Dungeon Overview and Level Annotations

Branches:
Dungeon (15/15)            Temple (0/1) D:6            Lair (6/6) D:9
 Shoals (4/4) Lair:4        Snake (4/4) Lair:2        Slime (0/5) Lair:5
    Orc (2/2) D:9             Elf (0/3) Orc:2        Vaults (5/5) D:13
  Crypt (0/3) Vaults:2     Depths (5/5) D:15            Zot (0/5) Depths:5
  Sewer (visited)         Ossuary (visited)

Altars:
Cheibriados
Dithmenos
Elyvilon
Gozag
Makhleb
Nemelex Xobeh
Okawaru
Qazlal
Ru
Trog
Xom
The Shining One
Beogh
Jiyva

Shops:
D:5 =   D:14 [   Orc:2 =[!:   Shoals:1 [}=[   Shoals:3 (   Vaults:1 [
Depths:2 (   Depths:3 =}=   Depths:5 :=!

Portals:
Hell: Depths:1 Depths:2 Depths:3 Depths:4 Depths:5
Abyss: Depths:4
Ziggurat: Depths:3

Annotations:
D:15 2 runed translucent doors, MuffinSoup's ghost, journeyman OpWz
Shoals:2 2 transporters, finalsalamander's ghost, adept HOMo
Depths:1 3 runed translucent doors, Caat Rau's ghost, adept DgCj
Depths:4 3 runed translucent doors


Innate Abilities, Weirdness & Mutations

You can be seen from farther away. (+LOS)
You can swim through water.
You cover ground slowly.
You can hop long distances.
Your body sometimes deteriorates upon taking damage.
Your magical capacity is low. (-10% MP)


Message History

* * * LOW HITPOINT WARNING * * *
The deep elf high priest is healed.
You hit the deep elf high priest.
The deep elf high priest is electrocuted!!
The deep elf high priest is severely wounded.
The deep elf high priest invokes the aid of its god against you.
The sphere of damnation explodes!
The damnation engulfs you!!
* * * LOW HITPOINT WARNING * * *
The damnation engulfs the deep elf high priest!!
The deep elf high priest dies!
You hear a shout! x2; You hear a deafening roar!
You hear a shout!
Training target 24.0 for Air Magic reached!
Your Air Magic skill increases to level 24!
You need to enable at least one skill for training.
You feel better.
You feel better.
You flicker for a moment.
You barely miss the vault warden.
The vault warden hits you with a +2 great sword!!
You die...

#..
#..##
#...##
#..##
##..###
##...##
###..##
##..##
##@.#
##p#
..#
...#
...##
p.##
.## ..
..


You could see a vault warden.

Vanquished Creatures
  Mennas (Vaults:4)
  Frederick (Depths:4)
  Bai Suzhen (Vaults:5)
  Vashnia (Snake:4)
  8 caustic shrikes (Depths:5)
  2 tentacled monstrosities
  Rupert (D:15)
  6 liches
  A quicksilver dragon (Vaults:5)
  Kirke (D:12)
  2 krakens
  3 storm dragons (Depths:5)
  4 sphinxes
  A tengu reaver (Depths:1)
  12 nagarajas
  9 fire giants
  A draconian knight (Depths:5)
  7 frost giants
  A deep elf sorcerer (Depths:2)
  2 iron dragons
  2 balrugs
  8 vault wardens
  A ghost moth (shapeshifter) (Depths:2)
  An orc warlord (Orc:2)
  A ghoul (Vaults:2)
  A draconian stormcaller (Depths:5)
  17 stone giants
  10 ironheart preservers
  2 spriggan defenders (Depths:4)
  A war gargoyle (Vaults:5)
  A black draconian (Depths:5)
  A vampire knight (Vaults:2)
  2 deep elf demonologists
  2 green draconians
  28 very ugly things
  Azrael (D:12)
  2 spark wasps
  3 deep elf annihilators
  An entropy weaver (Vaults:4)
  6 dire elephants (Lair:6)
  5 merfolk javelineers
  9 fire dragons
  Snorg (D:11)
  2 deep elf death magi
  3 merfolk impalers
  Fannar (D:11)
  17 ettins
  Josephine (D:15)
  20 vault guards
  2 jiangshi (Depths:4)
  13 yaktaur captains
  8 boulder beetles
  2 rakshasas
  13 ice dragons
  6 great orbs of eyes
  23 naga warriors
  3 spriggan air magi
  8 ogre magi
  10 anacondas
  11 hydras
  3 merfolk avatars
  A satyr (Shoals:3)
  13 centaur warriors
  13 merfolk aquamancers
  4 alligator snapping turtles
  9 death yaks
  An alligator (shapeshifter) (Vaults:1)
  25 two-headed ogres
  3 tengu warriors
  4 deep troll shamans
  4 orc high priests (Orc:2)
  9 shock serpents
  6 deep troll earth magi
  3 spriggan berserkers
  3 vampire magi
  2 sun demons (Depths:3)
  7 skeletal warriors
  4 deep elf knights
  Urug (Lair:1)
  21 naga sharpshooters
  A shock serpent (shapeshifter) (Vaults:3)
  4 iron trolls
  3 unseen horrors
  3 salamander mystics
  12 deep trolls
  12 sea snakes
  12 hell knights
  A deep troll (shapeshifter) (Vaults:4)
  3 naga ritualists
  An unseen horror (shapeshifter) (Vaults:4)
  3 deep elf archers (Vaults:3)
  3 glowing orange brains
  16 wizards
  A flayed ghost (Depths:3)
  17 orc knights
  A phantasmal warrior (Vaults:5)
  Pikel (D:9)
  6 necromancers
  8 mana vipers
  35 harpies
  4 lindwurms (Lair:6)
  62 ugly things
  A wolf spider (shapeshifter) (Depths:4)
  2 wolf spiders
  10 orc sorcerers
  8 deep elf magi
  A wolf spider zombie (D:13)
  14 manticores
  A faun (shapeshifter) (D:13)
  5 fauns
  10 ironbrand convokers
  9 cyclopes
  18 salamanders
  A shining eye (shapeshifter) (Depths:3)
  19 elephants
  18 guardian serpents
  A moth of wrath (D:9)
  2 black mambas (shapeshifter)
  9 merfolk sirens
  14 naga magi
  10 vault sentinels
  5 water nymphs
  36 black mambas
  A storm dragon simulacrum (Vaults:3)
  7 cane toads
  2 gargoyles
  4 centaur skeletons
  A cane toad (shapeshifter) (Vaults:4)
  51 yaktaurs
  An efreet (D:13)
  11 komodo dragons
  3 rime drakes
  A freezing wraith (Vaults:1)
  2 hellwings (Depths:4)
  A rime drake (shapeshifter) (Vaults:3)
  4 tengu conjurers
  A yaktaur skeleton (Vaults:1)
  2 queen bees (shapeshifter)
  9 trolls
  A merfolk (shapeshifter) (Vaults:1)
  32 merfolk
  10 wind drakes
  9 hornets
  A polar bear (Lair:2)
  2 wind drakes (shapeshifter)
  3 dream sheep (Shoals:4)
  A blink frog (shapeshifter) (D:15)
  16 blink frogs
  26 slime creatures
  11 snapping turtles
  A fire giant simulacrum (Vaults:1)
  Sigmund (D:5)
  A centaur simulacrum (D:13)
  A redback (Vaults:4)
  2 tarantellas (Vaults:4)
  A tarantella (shapeshifter) (Vaults:1)
  2 shadows
  A spriggan (Depths:4)
  67 yaks
  12 water elementals
  5 wraiths
  2 basilisks
  4 fire bats (Depths:4)
  A human (D:13)
  3 wyverns
  A basilisk (shapeshifter) (D:12)
  5 fire elementals
  A hog (D:12)
  7 vampire mosquitoes
  An acid dragon (shapeshifter) (Vaults:2)
  59 nagas
  3 wargs (Orc:2)
  A soldier ant (shapeshifter) (D:14)
  2 acid dragons
  2 soldier ants
  13 hell hounds
  17 water moccasins
  A black bear (Lair:1)
  A sky beast (D:8)
  49 orc warriors
  4 ice beasts
  2 phantoms
  A black bear (shapeshifter) (Vaults:4)
  2 eyes of draining
  2 necrophages
  34 ogres
  36 centaurs
  9 boggarts
  3 elf zombies (Ossuary)
  Blork the orc (D:4)
  8 big kobolds
  28 bullfrogs
  A gnoll sergeant (D:10)
  2 water moccasin zombies (D:7)
  2 wyvern skeletons
  7 scorpions
  2 water moccasin skeletons
  9 killer bees
  29 wights
  3 howler monkeys
  A crimson imp (Depths:4)
  4 human simulacra
  11 hounds
  28 orc priests
  3 human zombies
  6 jellies
  2 bullfrog zombies
  2 centaur zombies
  21 orc wizards
  A bullfrog skeleton (D:5)
  4 iguanas
  An iron imp (Depths:1)
  13 worker ants
  2 big kobold zombies (Ossuary)
  3 mummies (Ossuary)
  A worker ant zombie (D:9)
  A howler monkey zombie (D:7)
  3 gnolls (D:10)
  A howler monkey skeleton (D:7)
  24 adders
  4 white imps
  4 ufetubi
  6 adder zombies (Ossuary)
  3 adder skeletons
  6 worms
  3 dart slugs
  11 leopard geckos
  98 orcs
  2 bats
  A bat (shapeshifter) (Depths:3)
  11 giant cockroaches
  A gnoll zombie (Ossuary)
  6 goblins
  4 hobgoblins (D:2)
  2 jackals (D:11)
  34 kobolds
  8 quokkas
  7 ball pythons
  A ball python skeleton (D:4)
  5 frilled lizards
  4 hobgoblin zombies (Ossuary)
  2 jackal skeletons
  4 jackal zombies (Ossuary)
  4 kobold zombies (Ossuary)
  A leopard gecko skeleton (D:9)
  3 orc zombies (Ossuary)
  2 quokka skeletons
  3 quokka zombies
  4 rats
  5 rat zombies (Ossuary)
  A tentacle (Shoals:4)
1900 creatures vanquished.

Vanquished Creatures (collateral kills)
  A two-headed ogre (D:9)
  The ghost of zikan the Basher, a novice GrFi of Okawaru (D:9)
  A salamander mystic (Depths:1)
  2 deep trolls
  A cyclops (D:9)
6 creatures vanquished.

Vanquished Creatures (others)
  A deep elf sorcerer (Vaults:3)
  An ironheart preserver (Vaults:3)
  A spark wasp (Depths:4)
  A deep elf high priest (Vaults:5)
  A fire dragon (Vaults:3)
  A two-headed ogre (Vaults:3)
  An ogre mage (Vaults:3)
  An unseen horror (D:13)
  2 deep elf magi (Vaults:3)
  A naga mage (Snake:2)
  A centaur skeleton (D:12)
  2 humans (D:12)
  An ogre (Vaults:3)
  A quasit (D:12)
  A hound (D:12)
  3 ball lightnings (D:15)
  37 fungi
  167 plants
  8 tentacles
  3 toadstools (Depths:3)
235 creatures vanquished.

Grand Total: 2141 creatures vanquished

Notes
Turn   | Place    | Note
-------+----------+-------------------------------------------
     0 | D:1      | tilp the Barachi Air Elementalist began the quest for the
                  | Orb.
     0 | D:1      | Reached XP level 1. HP: 13/13 MP: 3/3
   416 | D:1      | Reached XP level 2. HP: 19/19 MP: 0/5
   795 | D:2      | Reached skill level 4 in Air Magic
  1012 | D:2      | Found a snail-covered altar of Cheibriados.
  1237 | D:2      | Became a worshipper of Cheibriados the Contemplative
  1254 | D:2      | Found a stormy altar of Qazlal.
  1288 | D:2      | Reached XP level 3. HP: 24/24 MP: 3/6
  1295 | D:2      | Learned a level 3 spell: Static Discharge
  1785 | D:2      | Found a white marble altar of Elyvilon.
  1861 | D:2      | Reached XP level 4. HP: 31/31 MP: 4/7
  2177 | D:3      | Reached * piety under Cheibriados
  2193 | D:3      | Reached skill level 1 in Fighting
  2198 | D:3      | Found a glowing drain.
  2202 | Sewer    | Entered a sewer
  2223 | Sewer    | Reached XP level 5. HP: 33/37 MP: 2/8
  2527 | Sewer    | Learned a level 4 spell: Airstrike
  2644 | Sewer    | Reached XP level 6. HP: 44/44 MP: 1/9
  3528 | D:3      | Reached ** piety under Cheibriados
  3802 | D:4      | Noticed Blork the orc
  4027 | D:4      | Reached skill level 1 in Invocations
  4256 | D:4      | Reached XP level 7. HP: 50/50 MP: 7/11
  4602 | D:4      | Got a twisted leather armour
  4649 | D:4      | Killed Blork the orc
  4650 | D:4      | Reached skill level 5 in Air Magic
  5240 | D:4      | Learned a level 5 spell: Lightning Bolt
  5253 | D:5      | Entered Level 5 of the Dungeon
  5331 | D:5      | Reached *** piety under Cheibriados
  5332 | D:5      | Reached XP level 8. HP: 56/56 MP: 9/13
  5501 | D:5      | Found Pionoh's Jewellery Shoppe.
  5550 | D:5      | Noticed Sigmund
  5737 | D:5      | Reached skill level 6 in Air Magic
  5764 | D:5      | Found a glowing golden altar of the Shining One.
  6472 | D:5      | Killed Sigmund
  6473 | D:5      | Reached skill level 5 in Dodging
  6648 | D:6      | Reached XP level 9. HP: 67/67 MP: 11/15
  6728 | D:6      | Reached skill level 5 in Fighting
  6785 | D:6      | Found a shadowy altar of Dithmenos.
  7043 | D:6      | Noticed a brown ugly thing
  7065 | D:6      | Killed a brown ugly thing
  7066 | D:6      | Reached skill level 7 in Air Magic
  7303 | D:6      | Found a burning altar of Makhleb.
  7485 | D:6      | Reached skill level 8 in Air Magic
  7585 | D:6      | Reached **** piety under Cheibriados
  7593 | D:6      | Reached skill level 1 in Evocations
  7735 | D:6      | Noticed a troll
  7743 | D:6      | Killed a troll
  7855 | D:6      | Got a heavily runed amber ring
  7883 | D:6      | Identified the cursed +0 leather armour of the Forest
                  | {Dex+3} (You found it on level 4 of the Dungeon)
  7891 | D:6      | Identified the ring of Past Mistakes {+Fly Int+3 Dex+4}
                  | (You found it on level 6 of the Dungeon)
  8018 | D:6      | Reached skill level 5 in Invocations
  8223 | D:6      | Found a staircase to the Ecumenical Temple.
  8389 | D:7      | Noticed a two-headed ogre
  8645 | D:7      | Reached XP level 10. HP: 76/76 MP: 11/16
  8892 | D:7      | Killed a two-headed ogre
  8893 | D:7      | Reached skill level 5 in Conjurations
  9239 | D:7      | Reached ***** piety under Cheibriados
  9916 | D:7      | Found an opulent altar of Gozag.
 10542 | D:8      | Found a shimmering altar of Xom.
 10621 | D:8      | Reached skill level 9 in Air Magic
 10626 | D:8      | Found a sand-covered staircase.
 10636 | Ossuary  | Entered an ossuary
 12427 | D:8      | Reached skill level 10 in Air Magic
 12863 | D:9      | Noticed a death yak
 12885 | D:8      | Killed a death yak
 12886 | D:8      | Reached XP level 11. HP: 33/84 MP: 0/17
 13172 | D:9      | Noticed Pikel
 13174 | D:9      | Killed Pikel
 13286 | D:9      | Noticed a death yak
 13420 | D:9      | Found a staircase to the Orcish Mines.
 13422 | D:9      | Noticed a death yak
 13423 | D:9      | Noticed a death yak
 13425 | D:9      | Noticed a death yak
 13727 | D:9      | Found a transporter.
 13729 | D:9      | Identified the +4 battleaxe of Broken Luck {antimagic, rN+}
 13729 | D:9      | Noticed an orc knight
 13730 | D:9      | Noticed a cyclops
 13732 | D:9      | Noticed a two-headed ogre
 13733 | D:9      | Noticed a two-headed ogre
 13733 | D:9      | Noticed zikan's ghost (novice GrFi)
 13737 | D:9      | Found a transporter.
 13740 | D:9      | Found a bloodstained altar of Trog.
 13740 | D:9      | Noticed a moth of wrath
 13744 | D:9      | Identified the +4 dire flail of Superiority {speed, rF++
                  | Str+4}
 13836 | D:9      | Noticed a death yak
 13857 | D:8      | Killed a death yak
 13857 | D:8      | Killed a death yak
 13858 | D:8      | Reached skill level 5 in Spellcasting
 13858 | D:8      | Reached skill level 5 in Evocations
 13862 | D:8      | Killed a death yak
 14056 | D:9      | Found a staircase to the Lair.
 14099 | D:9      | Killed a death yak
 14105 | D:9      | Killed a death yak
 14416 | D:10     | Entered Level 10 of the Dungeon
 14511 | D:9      | Reached XP level 12. HP: 28/92 MP: 1/20
 14989 | D:10     | HP: 2/92 [yak (9)]
 15525 | D:10     | Reached skill level 11 in Air Magic
 17051 | D:11     | Noticed a two-headed ogre
 17059 | D:11     | Killed a two-headed ogre
 17449 | D:11     | Noticed Fannar
 17575 | D:11     | Noticed a two-headed ogre
 17583 | D:11     | Killed a two-headed ogre
 17711 | D:11     | Noticed Snorg
 17722 | D:11     | Noticed a six-headed hydra
 17735 | D:11     | Killed a six-headed hydra
 18562 | Lair:1   | Entered Level 1 of the Lair of Beasts
 18961 | Lair:1   | Noticed Urug
 18967 | Lair:1   | Killed Urug
 19546 | Lair:1   | Identified a scroll of acquirement
 19546 | Lair:1   | Acquired the amulet of Kuqupi {Faith Will+ Str+5 Dex+4}
 19751 | Lair:2   | Found a staircase to the Snake Pit.
 20131 | Lair:2   | Gained mutation: You can hop long distances. [Barachi
                  | growth]
 20131 | Lair:2   | Reached XP level 13. HP: 85/98 MP: 20/24
 20569 | Lair:2   | Reached skill level 12 in Air Magic
 22124 | Lair:3   | Identified Gituon's Handbook of Earth
 22153 | Lair:3   | Reached skill level 10 in Conjurations
 23106 | Lair:4   | Found a staircase to the Shoals.
 23206 | Lair:4   | Reached skill level 10 in Invocations
 24123 | Lair:5   | Reached skill level 5 in Stealth
 24496 | Lair:5   | Reached XP level 14. HP: 47/108 MP: 3/26
 26124 | Lair:5   | Identified the cursed +0 quarterstaff of Interdependent
                  | Arising {flame, rF+ Str+2 Stlth+} (You found it on level 5
                  | of the Lair of Beasts)
 26223 | Lair:5   | Found a staircase to the Slime Pits.
 26223 | Lair:5   | Found a viscous altar of Jiyva.
 26232 | Lair:5   | Reached skill level 10 in Fighting
 26679 | Lair:6   | Entered Level 6 of the Lair of Beasts
 26947 | Lair:6   | HP: 2/110 [elephant (12)]
 26961 | Lair:5   | Reached skill level 10 in Dodging
 30370 | Lair:6   | Got a steaming diamond amulet
 30371 | Lair:6   | Identified the amulet of Hegapuca {*Contam Regen+ Str-4
                  | Dex+8 Slay+4} (You found it on level 6 of the Lair of
                  | Beasts)
 30389 | Lair:6   | Learned a level 3 spell: Mephitic Cloud
 30396 | Lair:6   | Learned a level 6 spell: Freezing Cloud
 30553 | Lair:6   | Noticed a dire elephant
 30571 | Lair:6   | Noticed a dire elephant
 30699 | Lair:6   | Noticed a dire elephant
 30703 | Lair:6   | Noticed a dire elephant
 30709 | Lair:6   | Killed a dire elephant
 30709 | Lair:6   | Killed a dire elephant
 30851 | Lair:6   | Killed a dire elephant
 30941 | Lair:6   | Noticed a dire elephant
 30941 | Lair:6   | Noticed a dire elephant
 30946 | Lair:6   | Killed a dire elephant
 30952 | Lair:6   | HP: 4/110 [dire elephant (29)]
 31314 | Lair:6   | Killed a dire elephant
 31640 | Lair:6   | Killed a dire elephant
 32562 | Orc:1    | Entered Level 1 of the Orcish Mines
 32832 | Orc:2    | Entered Level 2 of the Orcish Mines
 32843 | Orc:2    | Reached XP level 15. HP: 53/115 MP: 5/28
 34938 | Orc:2    | Found a staircase to the Elven Halls.
 34994 | Orc:2    | Gained mutation: Your magical capacity is low. (-10% MP) [a
                  | neqoxec]
 35528 | Orc:2    | Got a steaming falchion
 35671 | Orc:2    | Found a roughly hewn altar of Beogh.
 35677 | Orc:2    | Reached skill level 13 in Air Magic
 36470 | Orc:2    | Found Pofaezoest's Distillery.
 36483 | Orc:2    | Found Tituocud's Book Shop.
 37079 | Orc:2    | Found Jidouwk's Jewellery Shoppe.
 37193 | Orc:2    | Noticed an orc warlord
 37212 | Orc:2    | Killed an orc warlord
 37935 | Orc:2    | Found a roughly hewn altar of Beogh.
 37938 | Orc:2    | Found Pomil Gau's Armour Boutique.
 38301 | Orc:2    | Reached skill level 10 in Spellcasting
 39206 | Orc:1    | Identified the +7 falchion of Ferocious Judgement {holy,
                  | rPois Str-5 Int+4} (You found it on level 2 of the Orcish
                  | Mines)
 39392 | D:5      | Bought the ring of the Tortoise {AC+8} for 1792 gold pieces
 39392 | D:5      | Found the ring of the Tortoise {AC+8}
 40052 | D:12     | Noticed Kirke
 40418 | D:12     | Reached ****** piety under Cheibriados
 40418 | D:12     | Noticed Azrael
 40522 | D:12     | Killed Kirke
 40764 | D:12     | Killed Azrael
 43965 | D:13     | Reached XP level 16. HP: 87/122 MP: 12/27
 45158 | D:13     | Found a gate to the Vaults.
 45371 | Orc:2    | Bought a book of Minor Magic for 200 gold pieces
 45374 | Orc:2    | Learned a level 2 spell: Blink
 45643 | D:14     | Reached skill level 14 in Air Magic
 46534 | D:14     | You fall into a shaft and drop 1 floor!
 46534 | D:15     | Entered Level 15 of the Dungeon
 47670 | D:14     | Found Ruonubawn's Antique Armour Emporium.
 50991 | D:15     | Found a staircase to the Depths.
 51575 | D:15     | Found a runed translucent door.
 51756 | D:15     | Identified the ring of Esuam {*Tele Will- Int-4 Dex+5} (You
                  | found it on level 15 of the Dungeon)
 51772 | D:15     | Found a runed translucent door.
 51774 | D:15     | Noticed MuffinSoup's ghost (journeyman OpWz)
 51777 | D:15     | Noticed a lich
 52016 | D:15     | Noticed Josephine
 52019 | D:15     | Killed Josephine
 52216 | D:15     | Noticed Rupert
 52502 | D:15     | Learned a level 4 spell: Hailstorm
 52506 | D:15     | Learned a level 3 spell: Frozen Ramparts
 52510 | D:15     | Learned a level 3 spell: Ozocubu's Armour
 52709 | D:9      | Reached skill level 1 in Ice Magic
 52734 | D:9      | Killed zikan's ghost
 53006 | Snake:1  | Entered Level 1 of the Snake Pit
 53188 | Snake:1  | Reached skill level 15 in Air Magic
 53603 | Snake:1  | Reached XP level 17. HP: 91/128 MP: 1/29
 54819 | Snake:1  | Acquired a +0 buckler of protection
 54827 | Snake:1  | Reached skill level 5 in Ice Magic
 54918 | Snake:1  | Reached skill level 1 in Shields
 56114 | Snake:2  | Found an iron altar of Okawaru.
 57835 | Snake:2  | You fall into a shaft and drop 1 floor!
 57850 | Snake:3  | Reached skill level 15 in Conjurations
 58024 | Snake:3  | Reached skill level 1 in Staves
 58728 | Snake:3  | Identified the cursed +0 pair of gloves of New Discoveries
                  | {Str+2} (You found it on level 3 of the Snake Pit)
 60420 | Snake:3  | Reached skill level 5 in Staves
 61280 | Snake:4  | Entered Level 4 of the Snake Pit
 61292 | Snake:3  | Reached skill level 10 in Evocations
 61402 | Snake:4  | Reached XP level 18. HP: 105/134 MP: 16/30
 63289 | Snake:4  | Noticed Vashnia
 63629 | Snake:4  | Killed Vashnia
 63630 | Snake:4  | Reached skill level 10 in Staves
 66241 | Snake:4  | Got a serpentine rune of Zot
 67476 | D:11     | Killed Snorg
 67628 | D:11     | Killed Fannar
 68104 | Shoals:1 | Entered Level 1 of the Shoals
 68104 | Shoals:1 | Found Qaamm's Armour Shop.
 68183 | Shoals:1 | Found Hefofurr's Jewellery Shop.
 68192 | Shoals:1 | Bought the ring of the Mage {Wiz Will++ Int+3} for 620 gold
                  | pieces
 68192 | Shoals:1 | Found the ring of the Mage {Wiz Will++ Int+3}
 68393 | Shoals:1 | Reached XP level 19. HP: 140/140 MP: 18/31
 69222 | Shoals:1 | Found a sacrificial altar of Ru.
 69483 | Shoals:1 | Found Tebeirr's Antique Armour Shoppe.
 69659 | Shoals:1 | Bought a steaming robe for 182 gold pieces
 69659 | Shoals:1 | Identified the cursed +1 robe "Ratus" {+Blink Str+6 Int+4}
                  | (You bought it in a shop on level 1 of the Shoals)
 69683 | Shoals:1 | Found Bowomm's Gadget Emporium.
 69872 | Shoals:2 | Found a transporter.
 70605 | Shoals:2 | Identified the +5 trident of Qoowya {antimagic, Int+2 SInv}
 70831 | Shoals:2 | Noticed finalsalamander's ghost (adept HOMo)
 71022 | Shoals:2 | Identified the cursed +1 demon trident "Vatwefru"
                  | {antimagic, rPois rF+ Int+4}
 71359 | Shoals:2 | Found a bloodstained altar of Trog.
 71603 | Shoals:1 | Identified the +0 ring mail "Amizycaq" {Dex+5 Slay+3}
 71748 | Shoals:2 | Acquired a book of the Sky
 71755 | Shoals:2 | Learned a level 4 spell: Summon Lightning Spire
 71839 | Shoals:2 | Found a transporter.
 73085 | Shoals:3 | Found Sina's Weapon Shop.
 73129 | Shoals:3 | Reached skill level 15 in Invocations
 73429 | Shoals:3 | Reached skill level 1 in Armour
 75329 | Shoals:4 | Entered Level 4 of the Shoals
 77016 | Shoals:4 | Identified the +1 robe of Exclusion {-Tele rCorr Int+3
                  | Dex+4} (You found it on level 4 of the Shoals)
 77172 | Shoals:4 | Got a barnacled rune of Zot
 78037 | Shoals:4 | Reached XP level 20. HP: 124/152 MP: 2/32
 78465 | Shoals:1 | Learned a level 5 spell: Silence
 79570 | Vaults:1 | Entered Level 1 of the Vaults
 80211 | Vaults:1 | Found a shadowy altar of Dithmenos.
 80719 | Vaults:1 | Found Kitenuba's Armour Emporium.
 82776 | Vaults:1 | Reached skill level 15 in Fighting
 84608 | Vaults:2 | Found a staircase to the Crypt.
 85057 | Vaults:2 | Reached XP level 21. HP: 144/168 MP: 26/33
 85068 | Vaults:2 | Reached skill level 16 in Air Magic
 85760 | Vaults:3 | Gained mutation: Your body sometimes deteriorates upon
                  | taking damage. [a shining eye]
 85899 | Vaults:3 | Reached skill level 10 in Ice Magic
 85906 | Vaults:3 | Found a flickering gateway to a bazaar.
 87007 | Vaults:3 | Reached skill level 17 in Air Magic
 88587 | Vaults:3 | Reached skill level 18 in Air Magic
 89784 | Vaults:4 | Noticed Mennas
 89792 | Vaults:4 | Killed Mennas
 92052 | Depths:1 | Entered Level 1 of the Depths
 92106 | Depths:1 | Found a runed translucent gate.
 92107 | Depths:1 | Found a runed translucent gate.
 92108 | Depths:1 | Found a runed translucent gate.
 92110 | Depths:1 | Noticed Caat Rau's ghost (adept DgCj)
 92124 | Depths:1 | Reached skill level 19 in Air Magic
 92124 | Depths:1 | Reached XP level 22. HP: 175/175 MP: 10/34
 92963 | Depths:1 | Found a gateway to Hell.
 94280 | Depths:1 | Reached skill level 20 in Air Magic
 94618 | Depths:1 | Learned a level 9 spell: Tornado
 96472 | Depths:2 | Identified the Disquisition on the Rocks and the Volcanoes
 96554 | Depths:2 | Identified the +3 buckler of an ice cave {Rampage rN+ Will+
                  | rCorr} (You found it on level 2 of the Depths)
 97432 | Depths:2 | Reached skill level 21 in Air Magic
 98305 | Depths:2 | Reached XP level 23. HP: 143/182 MP: 7/36
 98663 | Depths:2 | Acquired a +2 cloak of preservation
 98941 | Depths:2 | Found Giavocwo's Weapon Shoppe.
100061 | Depths:3 | Noticed a juggernaut
100107 | Depths:3 | Identified the ring "Vadongiz" {Fire rPois rN+ Will++
                  | Str-4}
100517 | Depths:3 | Learned a level 6 spell: Conjure Ball Lightning
101056 | Depths:3 | Found a gateway to a ziggurat.
101389 | Depths:3 | Found Etaeluyx's Jewellery Boutique.
101389 | Depths:3 | Found Saveufy's Gadget Shoppe.
101390 | Depths:3 | Found Gamisuwn's Jewellery Boutique.
101395 | Depths:3 | Bought an uncursed ring of see invisible for 195 gold
                  | pieces
101718 | Depths:4 | Noticed Frederick
101723 | Depths:4 | Killed Frederick
102856 | Depths:4 | Acquired 281 gold pieces
103723 | Depths:4 | Found a runed translucent door.
103723 | Depths:4 | Found a runed translucent door.
103724 | Depths:4 | Found a runed translucent door.
103750 | Depths:4 | Acquired a +1 helmet of intelligence
103843 | Depths:4 | Found a one-way gate to the infinite horrors of the Abyss.
104019 | Depths:5 | Entered Level 5 of the Depths
104019 | Depths:5 | Found Xoiteam's Jewellery Boutique.
104019 | Depths:5 | Found Reakhleeps's Distillery.
104619 | Depths:5 | Reached XP level 24. HP: 180/197 MP: 14/36
104731 | Depths:5 | Noticed a caustic shrike
104734 | Depths:5 | Noticed a caustic shrike
104735 | Depths:5 | Noticed a caustic shrike
104735 | Depths:5 | Killed a caustic shrike
104735 | Depths:5 | Noticed a caustic shrike
104737 | Depths:5 | Noticed a caustic shrike
104740 | Depths:5 | Killed a caustic shrike
104741 | Depths:5 | Killed a caustic shrike
104743 | Depths:5 | Killed a caustic shrike
104743 | Depths:5 | Killed a caustic shrike
105372 | Depths:5 | Found Wuirainu's Book Shoppe.
105412 | Depths:5 | Bought a manual of Air Magic for 1656 gold pieces
105582 | Depths:5 | Noticed a caustic shrike
105586 | Depths:5 | Killed a caustic shrike
105747 | Depths:5 | Noticed a caustic shrike
105751 | Depths:5 | Killed a caustic shrike
105758 | Depths:5 | Noticed a caustic shrike
105768 | Depths:5 | Killed a caustic shrike
106264 | Depths:5 | Found a sparkling altar of Nemelex Xobeh.
106277 | Depths:5 | Reached skill level 22 in Air Magic
106377 | Depths:5 | Found a gate to the Realm of Zot.
107201 | D:15     | Killed Rupert
107413 | Vaults:5 | Entered Level 5 of the Vaults
107413 | Vaults:5 | Noticed Bai Suzhen
107420 | Vaults:5 | Reached skill level 23 in Air Magic
107433 | Vaults:5 | Killed Bai Suzhen
107473 | Vaults:5 | HP: 5/197 [deep elf high priest/damnation (35)]
107474 | Vaults:5 | Reached skill level 24 in Air Magic
107476 | Vaults:5 | Slain by a vault warden

Illustrated notes

Levels and vault maps discovered:
D:1:      matt_arrival_spirals, layout_basic
D:2:      layout_loops_ring, cheibriados_altar_1, lemuel_crystal_altar,
          nicolae_qazlal_general_emergency, roderic_three_in_a_row
D:3:      layout_basic, gup_sewer_entry_spiral, interstate_on_off, minivault_4
D:4:      wander_river, layout_gridville, uniq_blork_the_orc
D:5:      layout_loops_ring, nicolae_tso_carved_into_rock, serial_shops, shop,
          uniq_sigmund
D:6:      kennysheep_windowed_halls, layout_rooms,
          nicolae_overflow_crystal_walls, grunt_dithmenos_smoke,
          minmay_temple_entry_glassed_door, minmay_small_thing
D:7:      layout_loops_ring, kennysheep_mini_moat, minmay_misc_feat_x,
          grunt_ogre_cave
D:8:      layout_basic, lemuel_round_altar, chequers_ossuary_entry_cave
D:9:      layout_big_octagon, dpeg_lair_monsters, orc_0_dummy,
          gammafunk_ghost_wrathful_warriors, uniq_pikel
D:10:     layout_cave_pools
D:11:     layout_irregular_city, uniq_fannar, uniq_snorg
D:12:     layout_basic, uniq_kirke, uniq_azrael
D:13:     layout_long_grid, grunt_vaults_entry_fortified, minmay_puff
D:14:     layout_grid_maze, serial_shops, kennysheep_little_box, minivault_26,
          minmay_rotating_lava
D:15:     hangedman_depths_entry_civil_slaughter, layout_loops_cross,
          muffindrake_ghost_dual_entry, serial_glass, glass_columns_a,
          glass_columns_b, minmay_misc_feat_enclosed, uniq_josephine,
          uniq_rupert
Lair:1:   layout_gridlike, bh_autumn_forest_stairs, uniq_urug
Lair:2:   layout_big_grid, guppyfry_snake_entry_garden
Lair:3:   layout_chaotic_city
Lair:4:   beast_lair_carwin_large_1, layout_regular_city,
          elwin_shoals_entry_stream
Lair:5:   layout_cave_pods, slime_altar_1
Lair:6:   due_jungle_book, layout_regular_city, minmay_lindwurm_lava
Shoals:1: layout_shoals, serial_shops, nicolae_shop_competitors_out_of_business,
          nicolae_shop_competitors_out_of_business, nicolae_shop_stone, shop,
          lemuel_centaur_altar
Shoals:2: cheibrodos_shoals_roost, layout_shoals,
          gammafunk_ghost_wrathful_warriors, nzn_prometheus_bound
Shoals:3: layout_shoals, serial_shops, nicolae_shop_trees,
          nicolae_shoals_aquamancer_cove
Shoals:4: shoals_end_simple, layout_shoals
Snake:1:  layout_chambers, grunt_megastairs_3
Snake:2:  layout_chambers, basic_altar, st_stairs_2, grunt_ministairs_14,
          nicolae_snake_single_loop, nicolae_snake_shapes
Snake:3:  kennysheep_six_static_rooms, layout_misc_corridors,
          portal_ice_cave_entry_pillars_three, grunt_ministairs_15,
          nicolae_coiled_stairwell_up
Snake:4:  snake_hunt, layout_layer_cave, serial_bayou_pond_d,
          grunt_megastairs_2, uniq_vashnia
Orc:1:    layout_caves
Orc:2:    pubby_orc_utopia, serial_shops
Vaults:1: grunt_vaults_trifunnel, nicolae_vaults_windows_and_doors_thing,
          hangedman_vaults_stream, nicolae_vaults_network_quinsquares
          [nicolae_vaults_network_quincunx_subvault,
          nicolae_vaults_network_quincunx_subvault,
          nicolae_vaults_network_quincunx_subvault,
          nicolae_vaults_network_quincunx_subvault], nicolae_vaults_minivaults,
          nicolae_vaults_stairing_the_circle, v_misc_22, v_misc_22,
          vaults_standard_mumra_x, layout_vaults_omnibox, serial_shops, shop,
          basic_altar
Vaults:2: vaults_mumra_minichess, minmay_crypt_entry_simple_corners,
          vaults_standard_mumra_enter_the_diamond, hangedman_vaults_variations,
          nicolae_vaults_ninety_degrees, vaults_dpeg_ring,
          nicolae_vaults_three_branches, v_misc_18, nicolae_vaults_theta,
          layout_vaults_big_cross
Vaults:3: serial_ice_m, v_misc_30, vaults_room_pool,
          vaults_room_grunt_arrival_ludios, v_misc_33, st_lines,
          layout_vaults_omnigrid, serial_shops, freezing_bzr
Vaults:4: nicolae_vaults_circle_grid_b, ontoclasm_vaults_eye,
          hangedman_vaults_locks, nicolae_vaults_big_angled_halls,
          dpeg_vaults_monster_row, nicolae_vaults_little_squares_4,
          nicolae_vaults_rhombus_6, nicolae_vaults_little_squares_5,
          ontoclasm_vaults_twist, vaults_standard_mumra_enter_the_diamond,
          ontoclasm_vaults_spin, vaults_room_stairs_pillars,
          vaults_dpeg_diagonal, layout_vaults_chaotic_city, uniq_mennas
Vaults:5: uniq_bai_suzhen
Depths:1: layout_basic, gammafunk_ghost_tricky_traps, grunt_hell_entry_dis_mu,
          minmay_misc_feat_hallway, minmay_misc_feat_chi, grunt_potential,
          serial_bayou_shore_b
Depths:2: minmay_tri_stars, layout_cave_shapes, marbit_kobold_abyss_entry,
          hell_entry, serial_shops, shop, hangedman_glass_teeth,
          serial_bayou_shore_a, infiniplex_staircase_river
Depths:3: minmay_shrinking_squares, layout_honeycomb, enter_ziggurat_b,
          pan_entry, infiniplex_staircase_zigzag_4, lightli_too_deep,
          minmay_gold_behind_fungi, minmay_shop_grove, firewood_loft,
          kennysheep_random_hallway
Depths:4: minmay_the_grid_triangle_9x9_rhombus_full
          [minmay_the_grid_triangle_9x9_cache,
          minmay_the_grid_triangle_9x9_negative_grid,
          minmay_the_grid_triangle_9x9_fully_insulated_deathbox,
          minmay_the_grid_triangle_9x9_odd_lines,
          minmay_the_grid_triangle_9x9_shrine,
          minmay_the_grid_triangle_9x9_corruption,
          minmay_the_grid_triangle_9x9_limited_checkers,
          minmay_the_grid_triangle_9x9_prize_top_heavy], layout_twisted_cross,
          special_room [special_room_mythical_zoo],
          serial_sigils_hangedman_quiver, abyss_entry_crystal, hellmouth_1,
          minmay_misc_feat_rugged, uniq_frederick
Depths:5: evilmike_zot_entry_diamond, layout_small_grid,
          nemelex_xobeh_ov_fountains_minmay, hell_entry, serial_shops,
          shop_statue, shop, shop, minmay_misc_feat_square,
          wad_floor_pattern_untrapped, st_stairs_13

Skill      XL: |  1  2  3  4  5  6  7  8  9 10 11 12 13 14 15 16 17 18 19 20 21 22 23 24 |
---------------+-------------------------------------------------------------------------+-----
Air Magic      | 4 5 6 8 10 11 12 13 15 19 21 24 | 24.0
Stealth        | 2 3 4 5 8 |  8.0
Conjurations   | 2 4 6 7 9 10 12 13 15 | 15.0
Dodging        | 3 4 5 6 7 8 9 10 11 12 | 12.0
Fighting       | 1 2 4 6 7 8 9 10 11 15 18 | 18.0
Invocations    | 1 2 4 5 6 7 8 10 11 12 13 15 16 18 | 18.0
Spellcasting   | 3 4 5 7 8 9 10 12 14 | 14.0
Evocations     | 4 5 7 8 10 | 10.0
Ice Magic      | 3 6 9 10 | 10.0
Shields        | 4 |  4.0
Staves         | 6 12 | 12.0
Armour         | 4 |  4.0

Action                   |  1- 3 |  4- 6 |  7- 9 | 10-12 | 13-15 | 16-18 | 19-21 | 22-24 || total
-------------------------+-------+-------+-------+-------+-------+-------+-------+-------++-------
Melee: Dagger            |    11 |    44 |    12 |     4 |    20 |    49 |       |       ||   140
       Short sword       |       |       |       |   351 |   493 |       |       |       ||   844
       Staff             |       |       |       |       |       |   622 |   636 |   682 ||  1940
Throw: Dart              |       |     4 |     9 |     6 |     4 |     8 |       |       ||    31
 Cast: Shock             |    64 |   102 |   140 |    96 |    11 |       |       |       ||   413
       Airstrike         |       |       |    47 |   163 |   459 |   422 |   542 |   352 ||  1985
       Static Discharge  |       |       |       |     2 |    74 |    60 |     4 |       ||   140
       Lightning Bolt    |       |       |       |       |    32 |    15 |    19 |       ||    66
       Mephitic Cloud    |       |       |       |       |     6 |     5 |       |       ||    11
       Freezing Cloud    |       |       |       |       |       |    38 |    60 |    48 ||   146
       Ozocubu's Armour  |       |       |       |       |       |    51 |    21 |    14 ||    86
       Frozen Ramparts   |       |       |       |       |       |    47 |    24 |    10 ||    81
       Hailstorm         |       |       |       |       |       |     9 |    18 |     7 ||    34
       Summon Lightning  |       |       |       |       |       |       |     2 |     5 ||     7
       Tornado           |       |       |       |       |       |       |       |     4 ||     4
       Silence           |       |       |       |       |       |       |       |     1 ||     1
       Conjure Ball Ligh |       |       |       |       |       |       |       |     1 ||     1
Invok: Bend Time         |       |       |     3 |     2 |       |       |       |       ||     5
       Slouch            |       |       |       |    11 |    18 |     5 |     1 |     5 ||    40
       Temporal Distorti |       |       |       |       |       |     2 |       |       ||     2
 Abil: Hop               |       |       |     3 |     6 |     8 |     6 |     5 |     5 ||    33
       Evoke Blink       |       |       |       |       |       |       |       |     1 ||     1
Evoke: Wand              |       |       |       |    11 |    10 |     4 |     5 |     1 ||    31
       Condenser vane    |       |       |       |       |       |       |     1 |     1 ||     2
       Box of beasts     |       |       |       |       |       |       |       |     2 ||     2
  Use: Scroll            |     3 |     3 |     8 |    16 |    13 |    12 |     9 |    12 ||    76
       Potion            |       |       |     2 |     2 |     9 |     3 |     4 |     9 ||    29
 Stab: Sleeping          |       |     2 |       |     7 |    12 |     7 |    16 |     1 ||    45
       Distracted        |       |     1 |       |       |       |     4 |     2 |     1 ||     8
       Confused          |       |       |       |       |     7 |     4 |       |       ||    11
       Paralysed         |       |       |       |       |       |     4 |       |       ||     4
Armor: Robe              |     4 |    19 |    22 |    83 |   138 |   278 |   193 |   184 ||   921
Dodge: Dodged            |    13 |    84 |    73 |   442 |   923 |   990 |   721 |   716 ||  3962
Block: Buckler           |       |       |       |       |       |   147 |   274 |   270 ||   691
